 Dungeon Crawl Stone Soup version 0.26-a0-712-ga5a9c9c9d0 (webtiles) character file.

Game seed: 12577920807507322086

445 Azzok the Chopper (level 6, 0/47 HPs)
             Began as a Demonspawn Fighter on Nov 7, 2020.
             Shot with an arrow by a centaur (12 damage)
             ... on level 4 of the Dungeon.
             The game lasted 00:04:11 (3246 turns).

Azzok the Chopper (Demonspawn Fighter)              Turns: 3246, Time: 00:04:11

Health: 0/47       AC: 10    Str: 19    XL:     6   Next: 72%
Magic:  6/6        EV:  4    Int:  9    God:
Gold:   140        SH:  9    Dex: 12    Spells: 5/5 levels left

rFire    . . .     SeeInvis .   a - +0 war axe
rCold    . . .     Faith    .   c - +0 kite shield
rNeg     . . .     Spirit   .   n - +0 chain mail
rPois    .         Reflect  .   (no helmet)
rElec    .         Harm     .   (no cloak)
rCorr    .         Rampage  .   (no gloves)
MR       .....                  (no boots)
Stlth    ..........             (no amulet)
HPRegen  0.15/turn              (no ring)
MPRegen  0.10/turn              (no ring)

@: mighty
A: icy blue scales 1, powered by pain 1
a: no special abilities


You were on level 4 of the Dungeon.
You visited 1 branch of the dungeon, and saw 4 of its levels.

You collected 140 gold pieces.

Inventory:

Hand Weapons
 a - a +0 war axe (weapon)
Armour
 c - a +0 kite shield (worn)
 n - a +0 chain mail (worn)
Wands
 b - a wand of flame (26)
Scrolls
 e - a scroll of identify
 h - 4 scrolls of remove curse
 j - a scroll of noise {unknown}
 k - a scroll of random uselessness {unknown}
 o - a scroll of amnesia {unknown}
 p - a scroll of fog {unknown}
Potions
 d - a potion of might
 f - 2 potions of brilliance
 g - a potion of curing {unknown}
 i - a potion of lignification {unknown}
 l - a potion of heal wounds {unknown}
 m - 2 potions of mutation {unknown}


   Skills:
 - Level 3.0 Fighting
 + Level 6.7 Axes
 - Level 2.6 Armour
 - Level 2.6 Shields


You had 5 spell levels left.
You didn't know any spells.
Your spell library was empty.

Dungeon Overview and Level Annotations

Branches:
Dungeon (4/15)
 Temple: D:4-7

Altars:
Ashenzari
Elyvilon
Fedhas
Gozag
Qazlal
Ru
Zin
The Shining One


Innate Abilities, Weirdness & Mutations

You are partially covered in icy blue scales. (AC +2)
You sometimes gain a little power by taking damage.


Message History

The phantom hits you.
You slash the ogre!
The ogre is moderately wounded.
You slash the phantom! You block the ogre's attack.
The phantom blinks!
The worker ant bites you. The phantom barely misses you.
The worker ant bites you but does no damage.
A centaur comes into view.
The centaur shouts!
The centaur wields a +0 shortbow.
The centaur shoots an arrow.
The arrow hits you!
* * * LOW HITPOINT WARNING * * *
You see here an arrow.
You block the worker ant's attack.
The phantom blinks!
The centaur shoots an arrow.
You block the arrow.
You see here an arrow.
The centaur shoots an arrow.
The arrow hits you.
* * * LOW HITPOINT WARNING * * *
The centaur shoots an arrow.
The arrow hits you!
You die...

···)··▒·▒▒▒▒▒<▒▒▒▒▒··············
·········(·········▒▒▒▒▒▒▒▒▒·▒▒▒▒
······▒···············(· ···
······▒·······················▒
▒▒▒▒·▒▒▒▒▒▒▒················>·▒
·····▒8··▒····················▒▒▒
·····▒_··························
·····▒8··▒·······················
···(·▒▒▒▒▒▒▒···B@················
·····▒ ▒···O▒················
·····▒▒▒▒▒▒▒····▒·······[········
···········§(···≈♣··········<····
················♣≈···▒▒▒▒▒▒▒▒····
··············▒≈♣Pc·≈P▒▒▒▒▒······
··············≈♣P≈···≈P··▒▒···▒▒▒
·······[·····♣≈≈P···≈≈≈≈≈♣·····†·
············♣♣≈P≈····P≈≈≈≈♣···▒†·


You could see an ogre, a centaur and a worker ant.

Vanquished Creatures
  A phantom (D:4)
  An ogre (D:4)
  2 howler monkeys
  A hound (D:4)
  A bullfrog skeleton (D:4)
  2 worker ants
  2 adders (D:2)
  2 oozes
  2 worms
  A dart slug (D:2)
  A leopard gecko (D:1)
  A ball python (D:3)
  4 giant cockroaches
  5 goblins
  6 hobgoblins
  2 quokkas
  12 bats
  5 frilled lizards
  8 kobolds
  A leopard gecko skeleton (D:4)
  7 rats
67 creatures vanquished.

Vanquished Creatures (others)
  3 plants (D:4)
3 creatures vanquished.

Grand Total: 70 creatures vanquished

Notes
Turn   | Place    | Note
-------+----------+-------------------------------------------
     0 | D:1      | Azzok the Demonspawn Fighter began the quest for the Orb.
     0 | D:1      | Reached XP level 1. HP: 18/18 MP: 1/1
    53 | D:1      | Reached skill level 2 in Axes
   152 | D:1      | Gained mutation: You sometimes gain a little power by
                  | taking damage. [demonic ancestry]
   152 | D:1      | Reached XP level 2. HP: 24/24 MP: 2/2
   692 | D:2      | Found a white marble altar of Elyvilon.
   707 | D:2      | Reached skill level 3 in Axes
   707 | D:2      | Reached XP level 3. HP: 15/29 MP: 3/3
   935 | D:2      | Found a stormy altar of Qazlal.
  1593 | D:3      | Reached skill level 4 in Axes
  1593 | D:3      | Gained mutation: You are partially covered in icy blue
                  | scales. (AC +2) [demonic ancestry]
  1593 | D:3      | Reached XP level 4. HP: 28/35 MP: 4/4
  1846 | D:3      | Found a sacrificial altar of Ru.
  2116 | D:3      | Found a broken altar of Ashenzari.
  2217 | D:3      | Reached XP level 5. HP: 39/41 MP: 5/5
  2245 | D:3      | Found a glowing golden altar of the Shining One.
  2245 | D:3      | Found a glowing silver altar of Zin.
  2251 | D:3      | Found a blossoming altar of Fedhas.
  2274 | D:3      | Found a faded altar of an unknown god.
  2276 | D:3      | Found a faded altar of an unknown god.
  2396 | D:4      | Found an opulent altar of Gozag.
  2457 | D:4      | Reached skill level 5 in Axes
  2474 | D:4      | Noticed an ogre
  2491 | D:4      | Killed an ogre
  2726 | D:4      | Reached XP level 6. HP: 33/47 MP: 6/6
  2876 | D:4      | Reached skill level 6 in Axes
  3246 | D:4      | Shot with an arrow by a centaur

Illustrated notes

Levels and vault maps discovered:
D:1:      erik_arrival_triangle_medium, layout_basic, minmay_tetromino_t4
D:2:      layout_basic, overflow_temple_1_default, lemuel_crystal_altar
D:3:      layout_basic, overflow_temple_1_default,
          chequers_temple_overflow_minitemple, serial_corexii_hall,
          chequers_hall_statues_corner_a, chequers_hall_statues_wall_a,
          corexii_hall_statues_s, nicolae_ru_the_path_less_chosen
D:4:      corexii_shack_village, layout_basic, grunt_gozag_breadcrumbs,
          marbit_many_paths, serial_bayou_ford_a, minmay_strange_pillars

Skill      XL: |  1  2  3  4  5  6 |
---------------+-------------------+-----
Axes           | 2 3 4 5 6 |  6.7
Fighting       | |  3.0
Armour         | |  2.6
Shields        | |  2.6

Action                   |  1- 3 |  4- 6 || total
-------------------------+-------+-------++-------
Melee: War axe           |   112 |   149 ||   261
  Use: Scroll            |       |     2 ||     2
Armor: Scale mail        |    46 |    44 ||    90
       Chain mail        |       |    26 ||    26
Dodge: Dodged            |    48 |    49 ||    97
Block: Kite shield       |    55 |    84 ||   139

Table legend: (Time is in decaauts)
 A = Elapsed time spent in this place.
 B = Non-inter-level travel time spent in this place.
 C = Inter-level travel time spent in this place.
 D = Time resting spent in this place.
 E = Time spent auto-exploring this place.
 F = Levels seen in this place.
 G = Mean time per level.
                   A        B        C        D        E       F      G
               +--------+--------+--------+--------+--------+-----+--------+
         Total |   3345 |   3254 |     91 |    228 |   2353 |   4 |  836.2 |
       Dungeon |   3345 |   3254 |     91 |    228 |   2353 |   4 |  836.2 |
               +--------+--------+--------+--------+--------+-----+--------+

Top non-repeatable levels by time:
     D:2: 1116 daAuts
     D:4: 885 daAuts
     D:3: 830 daAuts
     D:1: 512 daAuts
